 Dungeon Crawl Stone Soup version 0.22-a0-565-gfc6459a (webtiles) character file.

261 GroovyGamera the Skirmisher (level 6, -4/51 HPs)
             Began as a Formicid Fighter on June 27, 2018.
             Killed from afar by an orc wizard (9 damage)
             ... with a puff of flame
             ... on level 3 of the Dungeon.
             The game lasted 00:22:07 (3512 turns).

GroovyGamera the Skirmisher (Formicid Fighter)      Turns: 3512, Time: 00:22:08

Health: -4/51      AC:  9    Str: 25    XL:     6   Next: 42%
Magic:  6/6        EV:  8    Int:  8    God:
Gold:   136        SH: 10    Dex: 12    Spells: 5/5 levels left

rFire    . . .     SeeInvis +   a - +0 long sword
rCold    . . .     Gourm    .   c - +0 shield
rNeg     . . .     Faith    .   v - +0 scale mail
rPois    .         Spirit   .   (helmet unavailable)
rElec    .         Reflect  .   (no cloak)
rCorr    .         Harm     .   r - +0 pair of gloves
MR       .....                  j - +0 pair of boots
Stlth    ..........             (no amulet)
HPRegen  0.17/turn              (no ring)
MPRegen  0.10/turn              (no ring)

@: mighty
A: permanent stasis, dig shafts and tunnels, four strong arms, antennae 3
a: Dig, Shaft Self


You were on level 3 of the Dungeon.
You were not hungry.

You visited 1 branch of the dungeon, and saw 4 of its levels.

You collected 136 gold pieces.

Inventory:

Hand Weapons
 a - a +0 long sword (weapon)
 B - a +0 hunting sling
Missiles
 k - 20 bolts
 l - 58 stones (quivered)
Armour
 c - a +0 shield (worn)
 j - a +0 pair of boots (worn)
 m - a +0 large shield
 r - a +0 pair of gloves (worn)
 v - a +0 scale mail (worn)
Scrolls
 g - 2 scrolls of enchant weapon {unknown}
 h - a scroll of magic mapping {unknown}
 i - a scroll of noise {unknown}
 o - 2 scrolls of remove curse {unknown}
 q - a scroll of teleportation
 t - a scroll of identify
Potions
 d - a potion of might
 e - a potion of cancellation
 n - 2 potions of curing
 p - a potion of haste {unknown}
 s - a potion of mutation {unknown}
 u - a potion of heal wounds {unknown}
Comestibles
 b - 4 chunks of flesh
 f - 8 rations


   Skills:
 * Level 5.3 Fighting
 + Level 3.2 Long Blades
 + Level 4.3 Armour
 + Level 4.8 Shields


You had 5 spell levels left.
You didn't know any spells.
Your spell library was empty.

Dungeon Overview and Level Annotations

Branches:
Dungeon (4/15)
 Temple: D:4-7

Altars:
Elyvilon


Innate Abilities, Weirdness & Mutations

You cannot be hasted, slowed, berserked, paralysed or teleported.
You can dig through walls and to a lower floor.
Your four strong arms can wield two-handed weapons with a shield.
You have a pair of large antennae on your head. (SInv)


Message History

You completely miss the orc wizard.
The orc wizard is lightly wounded.
The orc wizard completely misses you. You block the ooze's attack.
The orc wizard casts a spell at you. The puff of frost hits you!
* * * LOW HITPOINT WARNING * * *
You hit the orc wizard.
The orc wizard is heavily wounded.
The orc wizard hits you but does no damage.
The ooze completely misses you.
The orc wizard looks encouraged for a moment.
You closely miss the orc wizard.
The orc wizard is heavily wounded.
The ooze hits you.
* * * LOW HITPOINT WARNING * * *
The orc wizard hits you but does no damage.
You block the ooze's attack.
The orc wizard gestures at you while chanting.
The puff of flame hits you!
You die...

.....########..#.###............#
.............#.#...รท............#
####.........#.#.###.############
#.(.......+...# #...#
#.........##..# ###.#
##...........<.# #.#
#.........#.#..#####.#
#.#########.#o.J.....#### #.#<..#
#...@[........# #.###.#
###.#[........# #.....#
#.#.........# #######
#.#.........# #.#.........#
########'#.........#
#..................#
#..................#
#..........#########


You could see an orc wizard and an ooze.

Vanquished Creatures
  3 worker ants
  7 gnolls
  5 adders
  A dart slug (D:2)
  A leopard gecko (D:2)
  4 orcs
  2 ball pythons
  3 giant cockroaches
  7 goblins
  7 hobgoblins
  2 jackals (D:4)
  4 quokkas
  11 bats
  4 frilled lizards
  7 kobolds
  A quokka skeleton (D:4)
  9 rats
78 creatures vanquished.

Notes
Turn   | Place    | Note
-------+----------+-------------------------------------------
     0 | D:1      | GroovyGamera the Formicid Fighter began the quest for the Orb.
     0 | D:1      | Reached XP level 1. HP: 18/18 MP: 1/1
   426 | D:1      | Reached XP level 2. HP: 24/24 MP: 2/2
  1101 | D:2      | Found a white marble altar of Elyvilon.
  1104 | D:2      | Reached XP level 3. HP: 30/30 MP: 3/3
  1193 | D:2      | Reached skill level 4 in Fighting
  1193 | D:2      | Reached XP level 4. HP: 26/37 MP: 4/4
  1971 | D:2      | Reached XP level 5. HP: 19/43 MP: 5/5
  2846 | D:3      | Reached skill level 5 in Fighting
  3025 | D:3      | Reached XP level 6. HP: 51/51 MP: 6/6
  3512 | D:3      | Killed from afar by an orc wizard

Vault maps used:
D:1:      minmay_arrival_stair_chambers, dk_noncrumbling_4, minivault_19
D:2:      nicolae_overflow_crystal_walls, first_ration,
          minmay_randomly_rotated_circles
D:4:      lemuel_castle_with_subvaults

Skill      XL: |  1  2  3  4  5 |
---------------+----------------+-----
Fighting       | 4 5 |  5.3
Shields        | 4 |  4.8
Armour         | 4 |  4.3
Long Blades    | 3 |  3.2

Action                   |  1- 3 |  4- 6 || total
-------------------------+-------+-------++-------
Melee: Long sword        |    91 |   197 ||   288
 Fire: Hunting sling     |       |    14 ||    14
Throw: Stone             |    12 |    58 ||    70
  Use: Scroll            |       |     3 ||     3
       Potion            |       |     2 ||     2
  Eat: Chunk             |     1 |     8 ||     9
Armor: Scale mail        |    46 |    88 ||   134
Dodge: Dodged            |    27 |    62 ||    89
Block: Shield            |    64 |   112 ||   176
       Rpst.: Long sword |    12 |    21 ||    33

Table legend:
 A = Spawn XP
 B = Non-spawn XP
 C = Spawn XP percentage of total XP
 D = Spawn monster count
 E = Non-spawn monster count
 F = Spawn count percentage of total count
 G = Total turns spent on level
                    A         B        C        D         E        F      G
               +---------+---------+-------+---------+---------+-------+---------
         Total |       0 |     374 |   0.0 |       0 |      78 |   0.0 |  3512
               +---------+---------+-------+---------+---------+-------+---------
           D:1 |       0 |      19 |   0.0 |       0 |      15 |   0.0 |  1118
           D:2 |       0 |     150 |   0.0 |       0 |      31 |   0.0 |  1318
           D:3 |       0 |     128 |   0.0 |       0 |      25 |   0.0 |   859
           D:4 |       0 |      77 |   0.0 |       0 |       7 |   0.0 |   217
               +---------+---------+-------+---------+---------+-------+---------
